 Dungeon Crawl Stone Soup version 0.25-a0-294-gea9b1ad378 (webtiles) character file.

Game seed: 12887004378196890029, levelgen mode: deterministic

89261 Luthien the Destroyer (level 15, -8/95 HPs)
             Began as a Deep Elf Conjurer on Dec 15, 2019.
             Was a High Priest of Vehumet.
             Mangled by an alligator (17 damage)
             ... on level 3 of the Lair of Beasts on Dec 18, 2019.
             The game lasted 06:08:56 (33742 turns).

Luthien the Destroyer (Deep Elf Conjurer)          Turns: 33742, Time: 06:08:58

Health: -8/95      AC: 12    Str:  5    XL:     15   Next: 48%
Magic:  1/34       EV: 16    Int: 27    God:    Vehumet [*****.]
Gold:   227        SH: 10    Dex: 15    Spells: 8/40 levels left

rFire    . . .     SeeInvis +   a - staff of energy {@w1}
rCold    . . .     Gourm    .   h - +2 shield {reflect}
rNeg     + . .     Faith    .   v - +4 robe "Uschuhon" {rN+ Slay+5 Stlth+}
rPois    +         Spirit   .   R - +2 helmet {SInv}
rElec    .         Reflect  +   g - +0 cloak
rCorr    .         Harm     .   d - +0 pair of gloves
MR       +....                  k - +0 pair of boots
Stlth    +++++.....             (no amulet)
HPRegen  0.25/turn              u - ring of poison resistance
MPRegen  0.24/turn              z - ring of wizardry

@: swift, quick
A: no striking features
a: Renounce Religion


You were on level 3 of the Lair of Beasts.
You worshipped Vehumet.
Vehumet was extremely pleased with you.
You were not hungry.

You visited 6 branches of the dungeon, and saw 26 of its levels.
You also visited: Sewer, Bailey and Ice Cave.

You collected 2140 gold pieces.
You spent 1913 gold pieces at shops.

Inventory:

Hand Weapons
 b - the +6 spear "Kuwnuacu" {flame, Str+6 Int+2}
   (You found it on level 4 of the Lair of Beasts)

   It has been specially enchanted to burn those struck by it, causing extra
   injury to most foes and up to half again as much damage against particularly
   susceptible opponents.
   It affects your strength (+6).
   It affects your intelligence (+2).
Missiles
 S - 79 poisoned darts (quivered)
Armour
 d - a +0 pair of gloves (worn)
 g - a +0 cloak (worn)
 h - a +2 shield of reflection (worn)
 k - a +0 pair of boots (worn)
 o - a +0 large shield
 v - the +4 robe "Uschuhon" (worn) {rN+ Slay+5 Stlth+}
   (You found it on level 6 of the Lair of Beasts)

   It affects your accuracy and damage with ranged weapons and melee attacks
   (+5).
   It protects you from negative energy.
   It makes you more stealthy.
 Q - a +2 robe of magic resistance
 R - a +2 helmet of see invisible (worn)
Magical Staves
 a - an uncursed staff of energy (weapon) {@w1}
Jewellery
 f - an uncursed ring of teleportation
 m - an uncursed ring of protection from fire
 u - a ring of poison resistance (left hand)
 w - an uncursed ring of fire
 z - a ring of wizardry (right hand)
 U - an uncursed ring of ice
Wands
 l - a wand of paralysis (17)
 q - a wand of disintegration (7)
 s - a wand of iceblast (9)
 y - a wand of flame (8)
 H - a wand of polymorph (11)
Scrolls
 p - 4 scrolls of remove curse
 r - a scroll of summoning
 A - a scroll of fear
 C - a scroll of blinking
 E - 4 scrolls of fog
 O - a scroll of magic mapping
 V - a scroll of holy word
Potions
 e - 8 potions of curing
 t - 7 potions of flight
 B - a potion of magic
 D - 3 potions of cancellation
 G - 4 potions of brilliance
 L - 2 potions of haste
 N - 2 potions of resistance
 T - a potion of invisibility
Miscellaneous
 i - a sack of spiders
 Z - a phantom mirror
Comestibles
 c - 38 rations
 j - 2 chunks of flesh


   Skills:
 + Level 11.2 Fighting
 - Level 9.0 Dodging
 - Level 10.0 Stealth
 - Level 4.0 Shields
 - Level 13.3 Spellcasting
 - Level 14.7 Conjurations
 - Level 8.0 Hexes
 - Level 6.0 Charms
 - Level 4.0 Translocations
 - Level 2.4 Fire Magic
 * Level 8.5 Air Magic
 - Level 9.0 Evocations


You had 8 spell levels left.
You knew the following spells:

 Your Spells              Type           Power        Failure   Level  Hunger
a - Magic Dart            Conj           ####         1%          1    None
b - Searing Ray           Conj           ######       1%          2    None
f - Lightning Bolt        Conj/Air       ######....   1%          5    None
A - Fulminant Prism       Conj/Hex       ######....   1%          4    None
B - Iskenderun's Mystic   Conj/Tloc      ######..     1%          4    None
C - Iskenderun's Battles  Conj/Chrm      ######..     1%          5    None
D - Swiftness             Chrm/Air       ######..     1%          2    None
E - Fireball              Conj/Fire      ######....   1%          5    None
F - Airstrike             Air            ######....   1%          4    None

Your spell library contained the following spells:

 Spells                   Type           Power        Failure   Level  Hunger
 Ozocubu's Refrigeration  Ice            ###.......   82%         6    None
 Shock                    Conj/Air       ####         1%          1    None
 Corpse Rot               Necr/Air       N/A          1%          2    None
 Poisonous Vapours        Pois/Air       #####.       1%          2    None
 Dazzling Flash           Conj/Hex       ######       1%          3    None
 Mephitic Cloud           Conj/Pois/Air  ######..     1%          3    None
 Static Discharge         Conj/Air       ######..     1%          3    None
 Sticky Flame             Conj/Fire      ######..     1%          4    None
 Irradiate                Conj/Tmut      ######....   2%          5    None
 Ignite Poison            Fire/Tmut/Pois ###.....     3%          3    None
 Sting                    Tmut/Pois      ###.         5%          1    None
 Summon Butterflies       Summ           ###.....     5%          1    None
 Sublimation of Blood     Necr           ###.......   8%          2    None
 Summon Lightning Spire   Summ/Air       #####...     9%          4    None
 Olgreb's Toxic Radiance  Pois           ###.....     13%         4    None
 Call Canine Familiar     Summ           ###.....     16%         3    None
 Summon Mana Viper        Hex/Summ       #####...     26%         5    None
 Petrify                  Tmut/Erth      ###.....     43%         4    None
 Summon Ice Beast         Ice/Summ       ###.....     43%         4    None
 Alistair's Intoxication  Tmut/Pois      ###.....     77%         5    None
 Eringya's Noxious Bog    Tmut/Pois      ###.......   99%         6    None
 Summon Hydra             Summ           ###.......   100%        7    None


Dungeon Overview and Level Annotations

Branches:
Dungeon (15/15)            Temple (1/1) D:7            Lair (6/6) D:10
  Swamp (1/4) Lair:3        Snake (1/4) Lair:4        Slime (0/5) Lair:6
    Orc (2/2) D:9             Elf (0/3) Orc:2        Vaults (0/5) D:14
 Depths (0/5) D:15          Sewer (visited)          Bailey (visited)
  IceCv (visited)

Altars:
Ashenzari
Cheibriados
Dithmenos
Elyvilon
Fedhas
Gozag
Hepliaklqana
Kikubaaqudgha
Makhleb
Nemelex Xobeh
Okawaru
Qazlal
Ru
Sif Muna
Trog
Uskayaw
Vehumet
Wu Jian
Xom
Yredelemnul
Zin
The Shining One

Shops:
D:9 ?   D:11 ?[*(   Orc:1 %   Orc:2 (:((

Annotations:
D:11 1 runed translucent door, exclusion: upstairs, Lanoc's ghost, novice DDHu
D:15 !Yaktaur captains, Nessos
Lair:4 1 runed translucent door, Bemoimo's ghost, journeyman DDEE
Lair:5 !, Rupert
Snake:1 Azrael


Message History

Here: an alligator (thin mist, severely wounded, covering ground quickly)
The floor.
The alligator bites you! The alligator tail-slaps you.
Nothing appears to happen.
The alligator closely misses you. The alligator completely misses you.
Nothing appears to happen.
The alligator bites you!! The alligator tail-slaps you!
* * * LOW HITPOINT WARNING * * *
Unknown command.
Unknown command.
Unknown command.
Unknown command.
Unknown command.
Casting: Lightning Bolt (safe; 1% risk of failure)
Confirm with . or Enter, or press ? or * to list all spells.
You feel quick. The alligator bites you!!
* * * LOW HITPOINT WARNING * * *
The alligator tail-slaps you but does no damage.
The alligator bites you!
You die...

..................#......#.......
..........P#.##..#.#.............
............####.#.#........<....
..........#.# ♣................P
.........##♣♣ ##.♣..............
..........♣ ♣♣.#...........♣.
.....♣♣♣♣♣♣♣♣♣♣♣♣♣♣♣♣♣...........
...♣♣♣≈≈≈≈≈♣≈≈≈≈≈§≈§§♣♣.####.♣.♣.
..⌠...♣.......♣.@t§§§♣♣.........P
..⌠.....♣...♣...♣§§§§♣♣..........
...♣♣♣≈≈≈≈♣≈≈≈≈≈♣§§§§♣♣.........P
.....♣♣♣♣♣♣♣♣♣♣♣♣♣♣♣♣♣.......♣...
..........♣♣♣♣♣♣♣♣..#...#.#......
....#....#.............[.........
....#.....#........#.............
....P.....P......................
.................................


You could see an alligator.

Vanquished Creatures
  Agnes (D:14)
  Donald (Snake:1)
  Aizul (Snake:1)
  2 fire dragons
  3 hydras (Lair:6)
  A vault guard (D:14)
  A catoblepas (Lair:5)
  3 centaur warriors
  3 two-headed ogres
  Erica (D:10)
  An alligator (Swamp:1)
  A naga sharpshooter (Snake:1)
  Urug (D:10)
  6 death yaks
  5 orc high priests (Orc:2)
  2 shock serpents (Snake:1)
  Sonja (Lair:1)
  Nergalle (Lair:4)
  A sea snake (shapeshifter) (D:13)
  3 unseen horrors
  The ghost of Borgoz the Cutter, a novice HaFi of Okawaru (D:6)
  5 orc knights (Orc:2)
  A lindwurm (Lair:6)
  2 orc sorcerers (Orc:1)
  4 ugly things
  6 oklob plants
  The ghost of grouchysmurf the Thaumaturge, a novice DECj of Sif Muna (D:7)
  3 elephants (Lair:6)
  10 black mambas
  A naga mage (Snake:1)
  2 ice statues (IceCv)
  2 torpor snails
  2 molten gargoyles (Lair:6)
  11 spiny frogs
  2 gargoyles
  A freezing wraith (D:14)
  2 efreet
  7 rime drakes (Lair:5)
  9 komodo dragons
  A meliai (shapeshifter) (D:14)
  2 polar bears (Lair:3)
  6 trolls
  A tyrant leech (Swamp:1)
  4 slime creatures (D:13)
  2 bog bodies (Lair:3)
  9 hippogriffs
  12 dream sheep
  18 blink frogs
  49 yaks
  Eustachio (D:5)
  2 spriggans
  10 humans (D:14)
  9 basilisks
  A fire elemental (Snake:1)
  10 wyverns
  2 hungry ghosts
  7 vampire mosquitoes (D:14)
  A swamp worm (Swamp:1)
  An acid dragon (D:11)
  4 insubstantial wisps (Swamp:1)
  4 nagas (Snake:1)
  11 water moccasins
  Duvessa (D:5)
  8 hell hounds
  10 porcupines
  3 sky beasts
  7 ice beasts
  34 orc warriors
  2 swamp drakes (Swamp:1)
  An eye of draining (D:11)
  2 black bears
  4 ogres
  14 wolves
  9 centaurs
  11 crocodiles
  4 big kobolds
  11 bullfrogs
  3 gnoll sergeants
  Dowan (D:5)
  2 scorpions
  4 killer bees (D:7)
  An electric eel (Lair:3)
  5 howler monkeys
  3 crimson imps
  A bullfrog zombie (D:12)
  A quasit (D:9)
  5 lava snakes (Lair:6)
  6 hounds
  7 jellies
  26 orc priests
  2 gnoll shamans
  A bullfrog skeleton (D:7)
  2 centaur skeletons
  Terence (D:3)
  Jessica (D:3)
  3 iguanas
  Natasha (thrice) (D:3)
  18 orc wizards
  11 worker ants
  2 killer bee zombies
  2 hound skeletons
  20 gnolls
  A howler monkey skeleton (D:5)
  5 adders
  4 river rats (Sewer)
  5 oozes
  4 worms
  3 dart slugs
  5 leopard geckos
  63 orcs
  7 bats
  7 giant cockroaches
  13 goblins
  13 hobgoblins
  24 jackals
  27 kobolds
  4 quokkas
  4 frilled lizards
  2 quokka skeletons
  6 rats
  15 fungi
  9 plants
751 creatures vanquished.

Vanquished Creatures (others)
  An efreet (D:14)
  A human (D:14)
  A bush (Lair:6)
  465 fulminant prisms
  22 fungi
  20 plants
510 creatures vanquished.

Grand Total: 1261 creatures vanquished

Notes
Turn   | Place    | Note
-------+----------+-------------------------------------------
     0 | D:1      | Luthien the Deep Elf Conjurer began the quest for the Orb.
     0 | D:1      | Reached XP level 1. HP: 10/10 MP: 6/6
   134 | D:1      | Reached XP level 2. HP: 15/15 MP: 1/8
   210 | D:1      | Learned a level 2 spell: Searing Ray
   676 | D:1      | Reached XP level 3. HP: 19/19 MP: 1/10
  1620 | D:2      | Reached XP level 4. HP: 24/24 MP: 7/11
  2416 | D:3      | Noticed Natasha
  2419 | D:3      | Killed Natasha
  2419 | D:3      | Reached skill level 5 in Conjurations
  2513 | D:3      | Noticed Natasha
  2515 | D:3      | Killed Natasha
  2564 | D:3      | Noticed Terence
  2619 | D:3      | Noticed Natasha
  2624 | D:3      | Killed Natasha
  2624 | D:3      | Reached XP level 5. HP: 28/28 MP: 8/13
  2968 | D:3      | Noticed Jessica
  2991 | D:4      | Reached XP level 6. HP: 32/32 MP: 3/15
  2997 | D:4      | Learned a level 4 spell: Fulminant Prism
  3002 | D:4      | Learned a level 4 spell: Iskenderun's Mystic Blast
  3026 | D:4      | Reached skill level 5 in Spellcasting
  3195 | D:4      | Reached skill level 1 in Hexes
  3226 | D:4      | Reached skill level 1 in Translocations
  3277 | D:4      | Reached skill level 5 in Stealth
  3326 | D:4      | Found a glowing drain.
  3349 | D:4      | Reached skill level 1 in Fighting
  3367 | D:4      | Reached XP level 7. HP: 22/38 MP: 3/17
  3476 | Sewer    | Entered a sewer
  3637 | Sewer    | Reached skill level 6 in Conjurations
  3747 | Sewer    | Found a white marble altar of Elyvilon.
  4127 | D:5      | Entered Level 5 of the Dungeon
  4168 | D:5      | Noticed Eustachio
  4299 | D:5      | Got a jewelled scale mail
  4625 | D:5      | Killed Eustachio
  4959 | D:5      | Noticed Dowan
  4962 | D:5      | Noticed Duvessa
  4965 | D:5      | Killed Duvessa
  4965 | D:5      | Reached XP level 8. HP: 44/44 MP: 11/19
  4968 | D:5      | Killed Dowan
  5435 | D:6      | Noticed Borgoz's ghost (novice HaFi)
  5440 | D:6      | Found a runed translucent door.
  5911 | D:6      | Found a sparkling altar of Nemelex Xobeh.
  6053 | D:6      | Identified the +2 scale mail "Ezulezel" {MR- Str+3 Dex+4}
                  | (You found it on level 5 of the Dungeon)
  6329 | D:7      | Reached skill level 7 in Conjurations
  6646 | D:7      | Found a runed translucent door.
  6646 | D:7      | Noticed grouchysmurf's ghost (novice DECj)
  6741 | D:7      | Reached skill level 5 in Hexes
  6741 | D:7      | Reached XP level 9. HP: 35/50 MP: 9/22
  6970 | D:7      | Found a staircase to the Ecumenical Temple.
  6984 | Temple   | Entered the Ecumenical Temple
  7022 | Temple   | Became a worshipper of Vehumet
  7907 | D:8      | Noticed a two-headed ogre
  7928 | D:8      | Killed a two-headed ogre
  7940 | D:8      | Reached skill level 8 in Conjurations
  8332 | D:9      | Found Ikogio's Magic Scroll Shoppe.
  8346 | D:9      | Reached * piety under Vehumet
  8346 | D:9      | Offered knowledge of Freeze by Vehumet.
  8489 | D:9      | Found a staircase to the Orcish Mines.
  8537 | D:9      | Reached XP level 10. HP: 47/58 MP: 4/25
  8899 | D:9      | Found a flagged portal.
  8909 | Bailey   | Entered a bailey
  8909 | Bailey   | Noticed an orc knight
  8936 | Bailey   | Noticed an orc knight
  9247 | D:9      | Bought a scroll of remove curse for 36 gold pieces
  9291 | D:9      | Reached skill level 5 in Fighting
  9513 | D:10     | Entered Level 10 of the Dungeon
  9535 | D:10     | Noticed Erica
  9592 | D:10     | Noticed a two-headed ogre
  9637 | D:10     | Killed a two-headed ogre
  9637 | D:10     | Reached skill level 10 in Spellcasting
  9637 | D:10     | Reached skill level 9 in Conjurations
  9741 | D:10     | Killed Erica
  9741 | D:10     | Reached skill level 10 in Stealth
  9843 | D:10     | Reached ** piety under Vehumet
  9849 | D:10     | Offered knowledge of Shock by Vehumet.
 10167 | D:10     | Noticed a gargoyle
 10173 | D:10     | Killed a gargoyle
 10230 | D:10     | Noticed Urug
 10323 | D:11     | Found a runed translucent door.
 10323 | D:11     | Found a shimmering altar of Xom.
 10323 | D:11     | Noticed Lanoc's ghost (novice DDHu)
 10323 | D:11     | Noticed a +0 trident of chaos
 10346 | D:11     | Noticed a cyan ugly thing
 10364 | D:11     | Killed a cyan ugly thing
 10415 | D:11     | Reached XP level 11. HP: 64/64 MP: 16/27
 10510 | D:11     | Found Osunti's Assorted Antiques.
 10576 | D:11     | Killed an unseen horror
 10576 | D:11     | Reached skill level 10 in Conjurations
 10845 | D:11     | Found Mufag's Magic Scroll Emporium.
 11012 | D:11     | Found Muintyas's Antique Armour Emporium.
 11033 | D:11     | Bought a runed helmet for 157 gold pieces
 11148 | D:11     | Offered knowledge of Stone Arrow by Vehumet.
 11375 | D:11     | Found Aqanob's Antique Weapon Shop.
 11862 | D:3      | Killed Jessica
 12013 | D:3      | Reached *** piety under Vehumet
 12260 | D:3      | Killed Terence
 12538 | D:10     | Killed Urug
 12538 | D:10     | Reached skill level 5 in Dodging
 12791 | D:10     | Found a staircase to the Lair.
 12948 | Lair:1   | Entered Level 1 of the Lair of Beasts
 12957 | Lair:1   | Found a frozen archway.
 12968 | IceCv    | Entered an ice cave
 12968 | IceCv    | Noticed a white ugly thing
 12980 | IceCv    | Killed a white ugly thing
 13164 | IceCv    | Found a transporter.
 13187 | IceCv    | Noticed a white ugly thing
 13192 | IceCv    | Killed a white ugly thing
 13192 | IceCv    | Offered knowledge of Hailstorm by Vehumet.
 13418 | IceCv    | Found a transporter.
 13611 | Lair:1   | Paralysed by fainting for 10 turns
 13994 | Lair:1   | Noticed Sonja
 14033 | Lair:1   | Killed Sonja
 14116 | Lair:1   | Reached skill level 11 in Conjurations
 14987 | Lair:2   | Reached XP level 12. HP: 72/72 MP: 16/30
 15260 | Lair:3   | Reached **** piety under Vehumet
 15352 | Lair:3   | Offered knowledge of Airstrike by Vehumet.
 15444 | Lair:3   | Found the +7 captain's cutlass {speed, disarm}
 16012 | Lair:3   | Found a sacrificial altar of Ru.
 16828 | Lair:3   | Found a staircase to the Swamp.
 16984 | Lair:4   | Found a staircase to the Snake Pit.
 17081 | Lair:4   | Reached skill level 12 in Conjurations
 17108 | Lair:4   | Noticed Nergalle
 17114 | Lair:4   | Killed Nergalle
 17397 | Lair:4   | Got an encrusted spear
 17403 | Lair:4   | Identified the +6 spear "Kuwnuacu" {flame, Str+6 Int+2}
                  | (You found it on level 4 of the Lair of Beasts)
 17722 | Lair:4   | Reached ***** piety under Vehumet
 17765 | Lair:4   | Found a runed translucent door.
 17770 | Lair:4   | Noticed Bemoimo's ghost (journeyman DDEE)
 17902 | Lair:4   | Upgraded the game from 0.25-a0-292-gaa31f046c4 to
                  | 0.25-a0-294-gea9b1ad378
 17929 | Lair:5   | Reached skill level 13 in Conjurations
 17959 | Lair:5   | Offered knowledge of Iskenderun's Battlesphere by Vehumet.
 17969 | Lair:5   | Learned a level 5 spell: Iskenderun's Battlesphere
 17999 | Lair:5   | Reached skill level 1 in Charms
 18092 | Lair:5   | Noticed Rupert
 18097 | Lair:5   | Found a sacrificial altar of Ru.
 18159 | Lair:5   | Reached XP level 13. HP: 68/78 MP: 26/32
 18544 | Lair:5   | Reached skill level 5 in Charms
 19085 | Lair:5   | Reached skill level 14 in Conjurations
 19214 | D:9      | Bought a scroll of acquirement for 624 gold pieces
 19535 | Lair:5   | Reached skill level 1 in Shields
 19535 | Lair:5   | Reached skill level 1 in Evocations
 20385 | Orc:1    | Entered Level 1 of the Orcish Mines
 22197 | D:13     | Noticed a fire dragon
 22216 | D:13     | Killed a fire dragon
 22366 | D:13     | Found an opulent altar of Gozag.
 22979 | D:14     | Reached skill level 5 in Evocations
 23399 | D:14     | Offered knowledge of Yara's Violent Unravelling by Vehumet.
 23524 | D:14     | Noticed Agnes
 23874 | D:14     | Killed Agnes
 23874 | D:14     | Reached XP level 14. HP: 86/86 MP: 18/33
 24056 | D:14     | Found a gate to the Vaults.
 24156 | D:14     | Found a blossoming altar of Fedhas.
 24461 | D:6      | Killed Borgoz's ghost
 24731 | D:7      | Killed grouchysmurf's ghost
 24828 | Orc:2    | Entered Level 2 of the Orcish Mines
 24828 | Orc:2    | Found a staircase to the Elven Halls.
 25318 | Orc:2    | Found Juinumor's Antique Weapon Boutique.
 25654 | Orc:2    | Reached skill level 10 in Fighting
 25671 | Orc:2    | Offered knowledge of Fireball by Vehumet.
 25678 | Orc:2    | Learned a level 5 spell: Fireball
 25808 | Orc:2    | Reached skill level 1 in Fire Magic
 26040 | Orc:2    | Found Qocogread's Antique Armour Boutique.
 26043 | Orc:2    | Found Tiatsylega's Antique Weapon Shop.
 26044 | Orc:2    | Found Xoaryshru's Book Boutique.
 26045 | Orc:2    | Found Soubloyf's Antique Weapon Boutique.
 26178 | Orc:2    | Bought Nutiluokh's Handbook of Feathery Ignition for 676
                  | gold pieces
 26181 | Orc:2    | Learned a level 2 spell: Swiftness
 26468 | D:15     | Entered Level 15 of the Dungeon
 26524 | D:15     | Noticed Nessos
 26748 | D:15     | Reached skill level 1 in Air Magic
 26842 | D:15     | Found a staircase to the Depths.
 27321 | Lair:6   | Entered Level 6 of the Lair of Beasts
 27637 | Lair:6   | Found a staircase to the Slime Pits.
 28013 | Lair:6   | Reached skill level 5 in Air Magic
 28517 | Lair:6   | Reached XP level 15. HP: 74/93 MP: 8/34
 28585 | Lair:6   | Offered knowledge of Ozocubu's Refrigeration by Vehumet.
 29875 | Lair:6   | Found a large runed translucent door.
 29895 | Lair:6   | Found a large runed translucent door.
 30606 | Lair:6   | Got a slimy robe
 30618 | Lair:6   | Identified the +4 robe "Uschuhon" {rN+ Slay+5 Stlth+} (You
                  | found it on level 6 of the Lair of Beasts)
 30930 | Orc:2    | Bought a book of Air for 420 gold pieces
 30936 | Orc:2    | Learned a level 5 spell: Lightning Bolt
 30941 | Orc:2    | Learned a level 4 spell: Airstrike
 31095 | Orc:1    | Found Basug's Food Shop.
 31286 | Orc:1    | Found a bloodstained altar of Trog.
 31290 | Orc:1    | You fall into a shaft and drop 1 floor!
 31796 | Snake:1  | Entered Level 1 of the Snake Pit
 31800 | Snake:1  | Noticed Donald
 31804 | Snake:1  | Killed Donald
 32405 | Snake:1  | Noticed Aizul
 32420 | Snake:1  | Killed Aizul
 32442 | Lair:4   | HP: 4/94 [poisoned by Aizul (bolt of poison)]
 32449 | Lair:4   | HP: 4/94 [poisoned by Aizul (bolt of poison)]
 32457 | Lair:4   | HP: 4/94 [poisoned by Aizul (bolt of poison)]
 33201 | Snake:1  | Noticed Azrael
 33711 | Swamp:1  | Entered Level 1 of the Swamp
 33742 | Lair:3   | Mangled by an alligator

Levels and vault maps discovered:
D:1:      dpeg_arrival_ternary, layout_basic
D:2:      wad_lake_hut, layout_basic
D:3:      layout_loops_ring, first_ration, uniq_terence, uniq_natasha,
          uniq_jessica
D:4:      layout_rooms, cheibrodos_sewer_entry_drain
D:5:      layout_loops_ring, uniq_duvessa, uniq_eustachio
D:6:      layout_basic, nemelex_xobeh_ov_fountains_minmay,
          hellmonk_ghost_happy_afterlife
D:7:      layout_rooms, minmay_temple_entry_gardened_gates,
          gammafunk_ghost_grave
D:8:      layout_basic, the_bakery, eino_tiny_chamber
D:9:      layout_long_grid, david_orc_3, serial_shops, shop_scrolls,
          enter_bailey_3
D:10:     layout_loops_cross, lair_entry_dummy, uniq_erica, uniq_urug
D:11:     layout_gridville, ebering_ghost_xom, serial_shops, kennysheep_mini,
          nicolae_shop_behind_doors, nicolae_shop_behind_doors, shop
D:12:     layout_basic
D:13:     dragon1_lemuel, layout_rooms, basic_altar
D:14:     layout_rooms, ximxim_vaults_locker_room, minmay_misc_feat_nine_boxes,
          hangedman_tree_tricks, uniq_agnes
D:15:     grunt_enter_depths_snipers, layout_loops_ring,
          nicolae_ru_path_of_blood, uniq_nessos
Temple:   compressed_dpeg_circular_temple
Lair:1:   layout_regular_city, portal_ice_cave_entry_pillars_2,
          chequers_serial_rivers_small_3, uniq_sonja
Lair:2:   layout_concentric_octagons
Lair:3:   layout_gridlike, nicolae_swamp_entry_splash_gauntlet, basic_altar,
          grunt_forest_stairs_clearing, minmay_lair_oklob_chamber,
          lemuel_fruit_tree, infiniplex_staircase_pool_2, grunt_megastairs_3
Lair:4:   layout_loops_ring, dummy_snake_entry, ebering_ghost_reflecting_pool,
          uniq_nergalle
Lair:5:   layout_roguey, basic_altar, special_room [special_room_mythical_zoo],
          chequers_serial_rivers_small_a, st_stairs_12, grunt_megastairs_4,
          uniq_rupert
Lair:6:   cheibrodos_lair_end_hotspot, layout_loops_ring,
          nicolae_slime_entry_slimehenge, fungi_pond_lemuel
Swamp:1:  layout_basic_swamp, nicolae_swamp_fairy_circle
Snake:1:  layout_onion, uniq_aizul, uniq_jorgrun, uniq_azrael, uniq_donald,
          uniq_josephine
Orc:1:    layout_caves, serial_shops, nicolae_shop_crystal, basic_altar
Orc:2:    st_orc_pillars, layout_caves, serial_shops, nicolae_shop_trees,
          sword_in_stone

Skill      XL: |  1  2  3  4  5  6  7  8  9 10 11 12 13 14 15 |
---------------+----------------------------------------------+-----
Stealth        | 3 4 5 6 7 8 10 | 10.0
Dodging        | 3 4 7 8 9 |  9.0
Spellcasting   | 4 5 6 7 9 10 12 13 | 13.3
Conjurations   | 5 6 7 8 9 11 13 14 | 14.7
Hexes          | 1 3 5 6 8 |  8.0
Translocations | 1 2 4 |  4.0
Fighting       | 1 2 3 4 6 7 8 9 10 11 | 11.2
Charms         | 2 6 |  6.0
Shields        | 4 |  4.0
Evocations     | 5 8 9 |  9.0
Fire Magic     | 2 |  2.4
Air Magic      | 5 8 |  8.5

Action                   |  1- 3 |  4- 6 |  7- 9 | 10-12 | 13-15 || total
-------------------------+-------+-------+-------+-------+-------++-------
Melee: Short sword       |       |    24 |    16 |     7 |       ||    47
       Cutlass           |       |       |       |    13 |       ||    13
       Spear             |       |       |       |     5 |     1 ||     6
       Staff             |       |       |       |       |     7 ||     7
 Fire: Hunting sling     |    41 |    19 |       |       |       ||    60
Throw: Dart              |       |    33 |    94 |    27 |       ||   154
       Stone             |       |    13 |    41 |    47 |       ||   101
 Cast: Magic Dart        |    17 |     5 |    19 |    75 |   254 ||   370
       Searing Ray       |    27 |    34 |    70 |    97 |   119 ||   347
       Fulminant Prism   |       |     1 |    31 |   146 |   288 ||   466
       Iskenderun's Myst |       |       |       |     8 |    23 ||    31
       Iskenderun's Batt |       |       |       |       |   156 ||   156
       Swiftness         |       |       |       |       |     7 ||     7
       Lightning Bolt    |       |       |       |       |    15 ||    15
Evoke: Wand              |       |     3 |     1 |    24 |     7 ||    35
       Staff of energy   |       |       |       |       |   248 ||   248
  Use: Scroll            |       |       |    17 |    11 |    18 ||    46
       Potion            |       |       |       |     8 |     3 ||    11
 Stab: Invisible         |       |       |     1 |       |       ||     1
  Eat: Chunk             |     3 |     5 |    12 |    23 |    42 ||    85
       Ration            |       |       |     2 |     2 |     5 ||     9
Armor: Robe              |     1 |     3 |     6 |    25 |    19 ||    54
       Ring mail         |       |       |       |     4 |     7 ||    11
Dodge: Dodged            |     8 |    26 |    45 |   103 |    78 ||   260
Block: Buckler           |       |       |    10 |    19 |     3 ||    32
       Large shield      |       |       |       |     4 |    74 ||    78
       Shield            |       |       |       |       |    15 ||    15
       Reflection        |       |       |       |       |     1 ||     1

Table legend:
 A = Non-vault XP
 B = Vault XP
 C = Vault XP percentage of total XP
 D = Non-vault monster count
 E = Vault monster count
 F = Vault count percentage of total count
                 A         B        C        D         E       F
            +---------+---------+-------+---------+---------+-------
      Total |   70581 |   56935 |  44.6 |     496 |     231 |  31.8
            +---------+---------+-------+---------+---------+-------
        D:1 |      57 |       0 |   0.0 |      32 |       0 |   0.0
        D:2 |      52 |       0 |   0.0 |      18 |       0 |   0.0
        D:3 |     241 |     110 |  31.3 |      26 |       3 |  10.3
        D:4 |     510 |       6 |   1.2 |      24 |       2 |   7.7
        D:5 |     207 |     432 |  67.6 |      11 |       3 |  21.4
        D:6 |     345 |     734 |  68.0 |      18 |       1 |   5.3
        D:7 |    1482 |     484 |  24.6 |      39 |       1 |   2.5
        D:8 |    1125 |     201 |  15.2 |       6 |       1 |  14.3
        D:9 |    1860 |     137 |   6.9 |      23 |      10 |  30.3
       D:10 |    2299 |    1736 |  43.0 |      28 |       2 |   6.7
       D:11 |    2279 |       0 |   0.0 |      22 |       0 |   0.0
       D:12 |    1809 |       0 |   0.0 |       7 |       0 |   0.0
       D:13 |    5131 |    1033 |  16.8 |      15 |       1 |   6.2
       D:14 |    5589 |    6318 |  53.1 |      23 |      14 |  37.8
       D:15 |     283 |     970 |  77.4 |       2 |       1 |  33.3
     Lair:1 |    3035 |     807 |  21.0 |      12 |       1 |   7.7
     Lair:2 |    1990 |       0 |   0.0 |       9 |       0 |   0.0
     Lair:3 |    3578 |    5878 |  62.2 |      17 |      23 |  57.5
     Lair:4 |    3787 |     789 |  17.2 |      17 |       1 |   5.6
     Lair:5 |    5283 |    9724 |  64.8 |      21 |      34 |  61.8
     Lair:6 |   18938 |    8636 |  31.3 |      61 |      32 |  34.4
    Swamp:1 |    2252 |       0 |   0.0 |       9 |       0 |   0.0
    Snake:1 |    3385 |    4460 |  56.9 |       8 |       7 |  46.7
      Orc:1 |    1741 |       0 |   0.0 |      17 |       0 |   0.0
      Orc:2 |    3323 |   10990 |  76.8 |      31 |      67 |  68.4
      Sewer |       0 |     153 | 100.0 |       0 |      11 | 100.0
     Bailey |       0 |     545 | 100.0 |       0 |       6 | 100.0
      IceCv |       0 |    2792 | 100.0 |       0 |      10 | 100.0
            +---------+---------+-------+---------+---------+-------
